 Dungeon Crawl Stone Soup version 0.24.0-13-gcf9b319 (webtiles) character file.

Game seed: 3826879607933073755, levelgen mode: deterministic

25 sighowe the Magician (level 2, 0/19 HPs)
             Began as a Demonspawn Wizard on Nov 8, 2019.
             Succumbed to an adder's poison
             ... on level 3 of the Dungeon.
             The game lasted 00:12:56 (2070 turns).

sighowe the Magician (Demonspawn Wizard)            Turns: 2070, Time: 00:12:56

Health: 0/19       AC:  3    Str:  7    XL:     2   Next: 86%
Magic:  5/6        EV: 12    Int: 19    God:
Gold:   52         SH:  0    Dex: 11    Spells: 7/8 levels left

rFire    . . .     SeeInvis .   g - +0 dagger (venom)
rCold    . . .     Gourm    .   (no shield)
rNeg     . . .     Faith    .   a - +0 robe
rPois    .         Spirit   .   b - +0 hat
rElec    .         Reflect  .   (no cloak)
rCorr    .         Harm     .   (no gloves)
MR       .....                  (no boots)
Stlth    ++........             (no amulet)
HPRegen  0.06/turn              (no ring)
MPRegen  0.10/turn              (no ring)

@: lethally poisoned (0 -> -16), very slightly contaminated
A: rugged brown scales 1
a: no special abilities


You were on level 3 of the Dungeon.
You were not hungry.

You visited 1 branch of the dungeon, and saw 3 of its levels.

You collected 52 gold pieces.

Inventory:

Hand Weapons
 c - a cursed -1 dagger
 g - a +0 dagger of venom (weapon)
 h - a +0 short sword
 j - a +0 hunting sling
 o - a +0 dagger
 p - a +0 spear
 q - a +0 whip
 r - a cursed +0 club
Missiles
 e - a stone (quivered)
Armour
 a - a +0 robe (worn)
 b - a +0 hat (worn)
 k - a +0 large shield
Scrolls
 i - a scroll of fear {unknown}
 l - a scroll of teleportation {unknown}
 m - a scroll of remove curse {unknown}
Comestibles
 d - a ration


   Skills:
 + Level 0.4 Short Blades
 + Level 2.1 Dodging
 + Level 1.9 Stealth
 + Level 3.6 Spellcasting
 + Level 1.0 Conjurations
   Level 1.0 Summonings
   Level 0.8 Translocations


You had 7 spell levels left.
You knew the following spells:

 Your Spells              Type           Power        Failure   Level  Hunger
a - Magic Dart            Conj           #...         10%         1    None

Your spell library contained the following spells:

 Spells                   Type           Power        Failure   Level  Hunger
 Call Imp                 Summ           #.......     14%         2    ##.....
 Blink                    Tloc           N/A          16%         2    ##.....
 Slow                     Hex            #.......     22%         2    ##.....
 Conjure Flame            Conj/Fire      #.......     34%         3    ###....
 Mephitic Cloud           Conj/Pois/Air  #.......     36%         3    ###....


Dungeon Overview and Level Annotations

Branches:
Dungeon (3/15)

Altars:


Innate Abilities, Weirdness & Mutations

You are partially covered in rugged brown scales. (AC +1, +3% HP)


Message History

The adder poisons you!
You feel sick. The adder closely misses you.
Casting: Magic Dart (safe; 10% risk of failure)
Confirm with . or Enter, or press ? or * to list all spells.
Aiming: Magic Dart (safe; 10% risk of failure)
Press: ? - help, Shift-Dir - straight line, f - adder
Aim: an adder You miscast Magic Dart.
You are very lightly contaminated with residual magic.
Nothing appears to happen.
You feel sick. The adder bites you.
* * * LOW HITPOINT WARNING * * *
You are more poisoned.
The adder poisons you!
* * * LOW HITPOINT WARNING * * *
You feel sick.
* * * LOW HITPOINT WARNING * * *
You feel sick. The adder closely misses you.
* * * LOW HITPOINT WARNING * * *
You feel sick.
You die...

#......+.>..
###......##.###.#
#........'......#
####......##.#########
#..........#...<.....##
#.########.#..†.......+
#..........#....####.##
#######..###.......#
#...S.@.....#.##
#o#######.#....# #.# ..
..#.#..#
#(#'#######.####
#o....... ... #........
.....$... ###.......
.......


You could see an adder and an orc.

Vanquished Creatures
  An adder (D:3)
  6 bats
  3 goblins
  2 hobgoblins
  4 kobolds (D:1)
  2 rats
18 creatures vanquished.

Notes
Turn   | Place    | Note
-------+----------+-------------------------------------------
     0 | D:1      | sighowe the Demonspawn Wizard began the quest for the Orb.
     0 | D:1      | Reached XP level 1. HP: 13/13 MP: 4/4
  1380 | D:1      | Gained mutation: You are partially covered in rugged brown
                  | scales. (AC +1, +3% HP) [demonic ancestry]
  1380 | D:1      | Reached XP level 2. HP: 9/19 MP: 6/6
  2070 | D:3      | Succumbed to an adder's poison

Levels and vault maps discovered:
D:1:      eino_arrival_cavern_a, layout_basic, minmay_distorted
D:2:      layout_rooms, minmay_tromino_v4_b, uniq_jessica
D:3:      layout_basic

Skill      XL: |  1 |
---------------+----+-----
Dodging        | 2 |  2.1
Short Blades   | |  0.4
Stealth        | |  1.9
Spellcasting   | |  3.6
Conjurations   | |  1.0
Summonings     | |  1.0
Translocations | |  0.8

Action                   || total
-------------------------++-------
Melee: Dagger            ||    34
       Unarmed           ||     1
Throw: Stone             ||     4
 Cast: Magic Dart        ||    24
  Use: Potion            ||     3
 Stab: Sleeping          ||     2
  Eat: Chunk             ||     1
       Ration            ||     1
Armor: Robe              ||    22
Dodge: Dodged            ||    79
